 Dungeon Crawl Stone Soup version 0.22.0-5-gf09313c8f9 (webtiles) character file.

907 floatboth the Carver (level 8, -4/65 HPs)
             Began as a Hill Orc Monk on Aug 13, 2018.
             Was a Believer of Beogh.
             Shot with an arrow by a centaur (15 damage)
             ... on level 7 of the Dungeon.
             The game lasted 00:13:07 (7403 turns).

floatboth the Carver (Hill Orc Monk)                Turns: 7403, Time: 00:13:08

Health: -4/65      AC:  2    Str: 16    XL:     8   Next: 8%
Magic:  8/8        EV: 13    Int: 10    God:    Beogh [**....]
Gold:   199        SH:  0    Dex: 13    Spells: 7/7 levels left

rFire    . . .     SeeInvis +   a - +0 falchion
rCold    . . .     Gourm    .   (no shield)
rNeg     . . .     Faith    .   b - +0 robe
rPois    .         Spirit   .   (helmet restricted)
rElec    .         Reflect  .   h - -1 cloak (curse)
rCorr    .         Harm     .   (no gloves)
MR       .....                  (no boots)
Stlth    ++........             (no amulet)
HPRegen  0.20/turn              (no ring)
MPRegen  0.11/turn              (no ring)

@: no status effects
A: horns 1, see invisible, blink, frail 1
a: Blink, Smiting, Renounce Religion


You were on level 7 of the Dungeon.
You worshipped Beogh.
Beogh was pleased with you.
You were not hungry.

You visited 1 branch of the dungeon, and saw 7 of its levels.

You collected 199 gold pieces.

Inventory:

Hand Weapons
 a - a +0 falchion (weapon)
 i - a cursed +0 dagger
 q - a +2 whip of pain
 r - a +1 dagger of draining
Missiles
 e - 16 poisoned needles
Armour
 b - a +0 robe (worn)
 h - a cursed -1 cloak (worn)
Jewellery
 l - the ring "Ezononk" {*Slow rF+ MR+++ Str+2 Int+3}
   (You found it on level 5 of the Dungeon)

   [ring of protection from fire]

   It affects your strength (+2).
   It affects your intelligence (+3).
   It protects you from fire.
   It affects your resistance to hostile enchantments.
   It may slow you when you take damage.
Wands
 k - a wand of iceblast (8)
 o - a wand of enslavement (13)
Scrolls
 d - 5 scrolls of amnesia
 f - 7 scrolls of identify
 g - 3 scrolls of remove curse
 n - a scroll of teleportation
 p - 3 scrolls of brand weapon
Potions
 m - a potion of curing
 s - a potion of mutation {!q!q}
 t - a potion of heal wounds
 u - 2 potions of brilliance {unknown}
Comestibles
 c - 4 rations
 j - 2 chunks of flesh


   Skills:
 - Level 7.1 Fighting
 * Level 8.7 Long Blades
 + Level 0.0 Armour
 - Level 2.4 Dodging
 - Level 1.5 Stealth


You had 7 spell levels left.
You didn't know any spells.
Your spell library contained the following spells:

 Spells                   Type           Power        Failure   Level  Hunger
 Spider Form              Tmut/Pois      #.........   75%         3    ####...
 Blade Hands              Tmut           #.........   100%        5    ######.
 Ice Form                 Ice/Tmut       #.......     98%         4    #####..
 Sticks to Snakes         Tmut           #.......     50%         2    ###....
 Beastly Appendage        Tmut           #.....       36%         1    ##.....


Dungeon Overview and Level Annotations

Branches:
Dungeon (7/15)             Temple (0/1) D:6

Altars:
Fedhas
Makhleb
Qazlal
Uskayaw

Annotations:
D:3 Purgy
D:6 Dowan, Duvessa, Pikel


Innate Abilities, Weirdness & Mutations

You have a pair of small horns on your head.
You have supernaturally acute eyesight. (SInv)
You can translocate small distances at will.
You are frail. (-10% HP)


Message History

The centaur shoots an arrow.
The arrow hits you!
* * * LOW HITPOINT WARNING * * *
You see here 2 arrows.
The centaur shoots an arrow.
The arrow hits you!
* * * LOW HITPOINT WARNING * * *
You see here an arrow.
Okay, then.
Unknown command.
Wield which item (- for none, * to show all)? (? for menu, Esc to quit)
Okay, then.
You feel much better.
The centaur shoots an arrow.
The arrow hits you!
* * * LOW HITPOINT WARNING * * *
The centaur shoots an arrow.
The arrow closely misses you.
The centaur shoots an arrow.
The arrow hits you!
* * * LOW HITPOINT WARNING * * *
You see here an arrow.
The centaur shoots an arrow.
The arrow hits you.
* * * LOW HITPOINT WARNING * * *
The centaur shoots an arrow.
The arrow hits you!
You die...

##.......#..#.#
.......cc#..#.#
>........#((#..#
.......).####..# #...
#(.......# +....
#((......#
#...#######(......# .
#...##...##(......# ..
#...##....@.......#
...##...##....<.......#
.....>..............<.#
.....<................#
........#######.......#
........##...##.......#
#########.............#
#.............#
#....##......##


You could see 2 centaurs and 2 dancing weapons.

Vanquished Creatures
  3 centaurs
  3 bullfrogs (D:6)
  A scorpion (D:6)
  A crimson imp (D:5)
  2 hounds
  An orc priest (D:5)
  An iguana (D:5)
  3 worker ants
  A killer bee zombie (D:5)
  A hound zombie (D:5)
  A gnoll (D:1)
  6 adders
  A shadow imp (D:5)
  2 oozes (D:4)
  2 worms
  A dart slug (D:1)
  A leopard gecko (D:5)
  9 orcs
  A ball python (D:6)
  2 bats
  9 giant cockroaches
  6 hobgoblins
  4 quokkas
  A giant cockroach zombie (D:5)
  A goblin (D:1)
  3 kobolds
  6 rats
73 creatures vanquished.

Vanquished Creatures (others)
  Sigmund (D:4)
  2 orc priests (D:4)
  2 worker ants
  An orc (D:4)
6 creatures vanquished.

Grand Total: 79 creatures vanquished

Notes
Turn   | Place    | Note
-------+----------+-------------------------------------------
     0 | D:1      | floatboth the Hill Orc Monk began the quest for the Orb.
     0 | D:1      | Reached XP level 1. HP: 19/19 MP: 1/1
    80 | D:1      | Reached skill level 4 in Fighting
    80 | D:1      | Reached XP level 2. HP: 9/27 MP: 2/2
   347 | D:1      | Reached skill level 4 in Long Blades
   559 | D:1      | Reached XP level 3. HP: 31/33 MP: 3/3
   801 | D:2      | Found a burning altar of Makhleb.
   958 | D:2      | Found a blossoming altar of Fedhas.
  1440 | D:3      | Reached XP level 4. HP: 25/41 MP: 4/4
  1679 | D:3      | Noticed Purgy
  2021 | D:3      | Reached skill level 5 in Long Blades
  2277 | D:4      | HP: 10/41 [worker ant (1)]
  2280 | D:4      | Reached XP level 5. HP: 19/47 MP: 5/5
  2669 | D:4      | Reached skill level 5 in Fighting
  2913 | D:4      | HP: 11/48 [orc priest/divine providence (12)]
  2935 | D:4      | Became a worshipper of Beogh the Brigand
  2935 | D:4      | Reached * piety under Beogh
  2935 | D:4      | Reached ** piety under Beogh
  3181 | D:4      | Noticed Sigmund
  3274 | D:4      | Killed Sigmund
  3436 | D:4      | Gained mutation: You can translocate small distances at will. [potion of mutation]
  3436 | D:4      | Gained mutation: You are frail. (-10% HP) [potion of mutation]
  3436 | D:4      | Gained mutation: You have supernaturally acute eyesight. (SInv) [potion of mutation]
  3436 | D:4      | Gained mutation: You have a pair of small horns on your head. [potion of mutation]
  3436 | D:4      | HP: 9/43 [worker ant (8)]
  3449 | D:4      | HP: 10/43 [worker ant (3)]
  3455 | D:4      | HP: 7/43 [poisoned by a worker ant]
  3460 | D:4      | HP: 5/43 [poisoned by a worker ant]
  3467 | D:4      | HP: 4/43 [poisoned by a worker ant]
  3475 | D:4      | HP: 3/43 [poisoned by a worker ant]
  3586 | D:5      | Entered Level 5 of the Dungeon
  3828 | D:5      | HP: 8/43 [worker ant (3)]
  3877 | D:5      | HP: 9/43 [crimson imp (3)]
  3880 | D:5      | Reached skill level 6 in Long Blades
  3880 | D:5      | Reached XP level 6. HP: 10/50 MP: 6/6
  4270 | D:5      | HP: 10/50 [adder (5)]
  4719 | D:5      | HP: 12/51 [centaur (2)]
  4720 | D:5      | HP: 3/51 [centaur (6)]
  4989 | D:4      | Killed an orc priest
  5067 | D:5      | Noticed a phantom
  5108 | D:5      | Reached skill level 6 in Fighting
  5108 | D:5      | Reached skill level 7 in Long Blades
  5188 | D:5      | Got a sparkling iron ring
  5191 | D:5      | Identified the ring "Ezononk" {*Slow rF+ MR+++ Str+2 Int+3} (You found it on level 5 of the Dungeon)
  5230 | D:5      | Reached XP level 7. HP: 40/56 MP: 7/7
  5601 | D:6      | Noticed Pikel
  5608 | D:5      | HP: 5/56 [orc warrior/enchanted glaive (24)]
  6155 | D:6      | Reached skill level 8 in Long Blades
  6337 | D:6      | Found a staircase to the Ecumenical Temple.
  6515 | D:6      | HP: 14/57 [ice beast (7)]
  6577 | D:5      | HP: 11/57 [ice beast (13)]
  6915 | D:6      | Found a stormy altar of Qazlal.
  6915 | D:6      | Noticed Duvessa
  6915 | D:6      | Noticed Dowan
  6921 | D:6      | Noticed an air elemental
  6944 | D:7      | HP: 9/57 [centaur/arrow (5)]
  6945 | D:7      | Reached skill level 7 in Fighting
  6945 | D:7      | Reached XP level 8. HP: 10/65 MP: 4/8
  6950 | D:7      | HP: 4/65 [bullfrog (6)]
  7241 | D:7      | Noticed a dagger
  7241 | D:7      | Noticed a dagger
  7381 | D:7      | Noticed a komodo dragon
  7394 | D:7      | Found a hide-covered altar of Uskayaw.
  7400 | D:7      | HP: 8/65 [centaur/arrow (11)]
  7403 | D:7      | Shot with an arrow by a centaur

Skill      XL: |  1  2  3  4  5  6  7 |
---------------+----------------------+-----
Fighting       | 4 5 6 7 |  7.1
Long Blades    | 4 5 6 7 8 |  8.7
Dodging        | |  2.4
Stealth        | |  1.5

Action                   |  1- 3 |  4- 6 |  7- 9 || total
-------------------------+-------+-------+-------++-------
Melee: Falchion          |   104 |   178 |    70 ||   352
       Headbutt          |       |    29 |     9 ||    38
Invok: Convert to Beogh  |       |     1 |       ||     1
       Smiting           |       |       |     3 ||     3
 Abil: Blink             |       |       |     3 ||     3
Evoke: Wand              |       |     1 |     1 ||     2
  Use: Potion            |       |     6 |     1 ||     7
       Scroll            |       |     5 |     4 ||     9
 Stab: Sleeping          |     4 |     3 |       ||     7
  Eat: Chunk             |     1 |     7 |     3 ||    11
       Ration            |       |     2 |     1 ||     3
Armor: Robe              |     8 |    18 |     7 ||    33
Dodge: Dodged            |    79 |   134 |    63 ||   276
       Rpst.: Falchion   |    24 |    50 |    19 ||    93
